 Dungeon Crawl Stone Soup version 0.31-a0-848-gaac375c287 (console) character file.

Game seed: 4092743183726885740

1659444 snuffles the Shatterer (level 27, 219/219 HPs)
             Began as a Gnoll Necromancer on Oct 4, 2023.
             Was the Champion of Kikubaaqudgha.
             Escaped with the Orb
             ... and 3 runes!
             The game lasted 04:04:21 (69140 turns).

snuffles the Shatterer (Gnoll Necromancer)         Turns: 69140, Time: 04:04:22

Health: 219/219    AC: 40    Str: 15    XL:     27
Magic:  46/46      EV: 28    Int: 24    God:    Kikubaaqudgha [******]
Gold:   4994       SH: 24    Dex: 33    Spells: 21/64 levels left

rFire   + + +        a - +9 quick blade (pain)
rCold   + . .        i - +5 kite shield {rPois}
rNeg    . . .        f - +6 scale mail of the Silversmith {+Inv Str+5 Dex+3}
rPois   +            Z - +2 helmet {Int+3}
rElec   +            T - +2 cloak {rPois}
rCorr   .            m - +2 pair of gloves {Dex+3}
SInv    .            s - +2 pair of boots "Furhoc" {*Slow Str+5}
Will    ++...        K - amulet of Vitality {RegenMP++ Regen++}
Stlth   +++          x - ring "Rudwoun" {rElec rF+++ rC+ Str-2 Int+6}
HPRegen 2.16/turn    g - ring of the Tortoise {AC+8}
MPRegen 1.10/turn

%: slow self (1%)
@: studying 2 skills
A: fangs 1, strong nose, distributed training
0: Orb of Zot
}: 3/15 runes: serpentine, barnacled, silver
a: Renounce Religion, Evoke Invisibility, Unearth Wretches, Torment


You escaped.
You worshipped Kikubaaqudgha.
Kikubaaqudgha was exalted by your worship.
You visited 11 branches of the dungeon, and saw 51 of its levels.
You also visited: Bailey, Ice Cave, Volcano and Desolation.

You collected 8894 gold pieces.
You spent 3900 gold pieces at shops.

Inventory:

Hand Weapons
 a - a +9 quick blade of pain (weapon)
 o - the +8 demon trident "Rift" {distort, reach+}
   (You took it off a skeletal warrior on level 3 of the Crypt)
Missiles
 j - 20 curare-tipped darts
 y - 6 throwing nets
Armour
 f - the +6 scale mail of the Silversmith (worn) {+Inv Str+5 Dex+3}
   (You found it on level 13 of the Dungeon)

   Str+5:     It affects your strength (+5).
   Dex+3:     It affects your dexterity (+3).
   +Inv:      It lets you turn invisible.
 i - a +5 kite shield of poison resistance (worn)
 m - a +2 pair of gloves of dexterity (worn)
 s - the +2 pair of boots "Furhoc" (worn) {*Slow Str+5}
   (You acquired it on level 4 of the Snake Pit)

   Str+5:     It affects your strength (+5).
   *Slow:     It may slow you when you take damage.
 T - a +2 cloak of poison resistance (worn)
 Z - a +2 helmet of intelligence (worn)
Magical Staves
 b - the staff "Isuytyam" {+Blink Fly rPois rN+ Dex-2 SInv Necro}
   (You found it on level 4 of the Snake Pit)

   [staff of death]

   Base accuracy: +5 Base damage: 5 Base attack delay: 1.2 This weapon's minimum
   attack delay (0.6) is reached at skill level 12.
   Dex-2:     It affects your dexterity (-2).
   rPois:     It protects you from poison rN+: It protects you from negative
   energy.
   SInv:      It lets you see invisible.
   Fly:       It grants you flight.
   +Blink:    It lets you blink.
   Necro:     It increases the power of your Necromancy spells.
   It falls into the 'Staves' category.
   It is a one-handed weapon.
Jewellery
 e - a ring of see invisible
 g - the ring of the Tortoise (right hand) {AC+8}
   (You found it on level 1 of the Depths)

   [ring of protection]

   AC+8:      It affects your AC (+8).
 p - the ring "Taiteule" {Contam rElec rPois Will+ Int+3}
   (You acquired it on level 7 of the Dungeon)

   [ring of willpower]

   Int+3:     It affects your intelligence (+3).
   rElec:     It insulates you from electricity.
   rPois:     It protects you from poison Will+: It increases your willpower.
   Contam:    It causes magical contamination when unequipped.
 t - a ring of flight
 x - the ring "Rudwoun" (left hand) {rElec rF+++ rC+ Str-2 Int+6}
   (You bought it in a shop on level 2 of the Vaults)

   [ring of intelligence]

   Str-2:     It affects your strength (-2).
   Int+6:     It affects your intelligence (+6).
   rF+++:     It renders you almost immune to fire.
   rC+:       It protects you from cold.
   rElec:     It insulates you from electricity.
 A - the ring of Zyiqy {Will+ rCorr}
   (You found it in the Desolation of Salt)

   [ring of resist corrosion]

   Will+:     It increases your willpower.
   rCorr:     It protects you from acid and corrosion.
 K - the amulet of Vitality (around neck) {RegenMP++ Regen++}
   (You took it off a deep elf elementalist on level 3 of the Elven Halls)

   [amulet of magic regeneration]

   RegenMP:   It increases your rate of magic regeneration.
   Regen++:   It increases your rate of health regeneration.
 M - the ring "Deenk" {Wiz rF+ rC+ rN+}
   (You took it off a deep elf high priest on level 3 of the Elven Halls)

   [ring of wizardry]

   Wiz:       It improves your spell success rate.
   rF+:       It protects you from fire.
   rC+:       It protects you from cold.
   rN+:       It protects you from negative energy.
 P - the ring of Ceczadui {+Blink rF+ rCorr Str+6}
   (You found it in the Desolation of Salt)

   [ring of strength]

   Str+6:     It affects your strength (+6).
   rF+:       It protects you from fire.
   +Blink:    It lets you blink.
   rCorr:     It protects you from acid and corrosion.
 Y - a +5 ring of evasion
Wands
 D - a wand of digging (3)
 E - a wand of polymorph (8)
 G - a wand of iceblast (33)
 R - a wand of charming (33)
 U - a wand of acid (17)
Scrolls
 d - 4 scrolls of enchant armour
 r - 5 scrolls of fog
 u - 6 scrolls of amnesia
 w - 4 scrolls of silence
 H - 19 scrolls of teleportation
 I - 6 scrolls of blinking
 J - 3 scrolls of brand weapon
 L - 5 scrolls of vulnerability
 O - 8 scrolls of fear
 V - 3 scrolls of summoning
 W - 2 scrolls of revelation
Potions
 c - 4 potions of resistance
 h - 5 potions of ambrosia
 l - 22 potions of curing
 n - 7 potions of haste
 q - 4 potions of invisibility
 v - 13 potions of brilliance
 z - 5 potions of magic
 C - 3 potions of cancellation
 F - 14 potions of heal wounds
 N - 4 potions of might
 S - 12 potions of mutation
 X - 6 potions of enlightenment
Miscellaneous
 k - a condenser vane
 Q - a box of beasts


   Skills:
 + Level 18.6 Fighting
 + Level 18.6 Short Blades
 + Level 18.6 Long Blades
 + Level 18.6 Axes
 + Level 21.8 Maces & Flails
 + Level 18.6 Polearms
 + Level 18.6 Staves
 + Level 18.6 Ranged Weapons
 + Level 18.6 Throwing
 + Level 18.6 Armour
 + Level 19.1 Dodging
 + Level 19.0 Stealth
 + Level 18.6 Shields
 + Level 18.6 Unarmed Combat
 + Level 19.2 Spellcasting
 + Level 15.8 Conjurations
 + Level 21.2 Hexes
 + Level 15.8 Summonings
 + Level 17.2 Necromancy
 + Level 15.8 Translocations
 + Level 15.8 Transmutations
 + Level 15.8 Fire Magic
 + Level 15.8 Ice Magic
 + Level 15.8 Air Magic
 + Level 15.8 Earth Magic
 + Level 15.8 Poison Magic
 + Level 20.1 Invocations
 + Level 18.6 Evocations
 + Level 17.2 Shapeshifting


You had 21 spell levels left.
You knew the following spells:

 Your Spells              Type           Power      Damage    Failure   Level
a - Necrotise             Necr           100%       1d9       0%          1
b - Vampiric Draining     Necr           81%        2d11      1%          3
c - Call Imp              Summ           100%       N/A       0%          2
d - Mephitic Cloud        Conj/Pois/Air  78%        N/A       1%          3
e - Summon Mana Viper     Hex/Summ       84%        N/A       1%          5
f - Blink                 Tloc           100%       N/A       0%          2
g - Dispel Undead         Necr           81%        3d26      1%          4
h - Borgnjor's Vile Clut  Necr/Erth      40%        N/A       1%          5
i - Death Channel         Necr           40%        N/A       1%          6
j - Silence               Hex/Air        42%        N/A       1%          5
k - Haunt                 Necr/Summ      40%        N/A       7%          7

Your spell library contained the following spells:

 Spells                   Type           Power      Damage    Failure   Level
 Apportation              Tloc           100%       N/A       0%          1
 Foxfire                  Conj/Fire      100%       2x1d9     0%          1
 Freeze                   Ice            100%       1d10      0%          1
 Kiss of Death            Conj/Necr      100%       2d13      0%          1
 Magic Dart               Conj           100%       1d8       0%          1
 Sandblast                Erth           100%       2d20      0%          1
 Shock                    Conj/Air       100%       1d9       0%          1
 Summon Small Mammal      Summ           100%       N/A       0%          1
 Cigotuvi's Dreadful Rot  Necr/Pois/Air  100%       N/A       0%          2
 Ensorcelled Hibernation  Hex/Ice        100%       N/A       0%          2
 Jinxbite                 Hex            100%       N/A       0%          2
 Lesser Beckoning         Tloc           100%       N/A       0%          2
 Momentum Strike          Conj/Tloc      100%       3d10      0%          2
 Passwall                 Tmut/Erth      65%        N/A       0%          2
 Scorch                   Fire           100%       2d9       0%          2
 Static Discharge         Conj/Air       100%       2-7/arc   0%          2
 Sublimation of Blood     Necr           81%        N/A       0%          2
 Wereblood                Tmut           78%        N/A       0%          2
 Dazzling Flash           Conj/Hex       100%       N/A       0%          3
 Sigil of Binding         Hex            90%        N/A       0%          3
 Summon Guardian Golem    Hex/Summ       84%        N/A       0%          3
 Cause Fear               Hex            45%        N/A       0%          4
 Call Canine Familiar     Summ           78%        N/A       1%          3
 Frozen Ramparts          Ice            100%       1d16      1%          3
 Gell's Gravitas          Tloc           78%        N/A       1%          3
 Hailstorm                Conj/Ice       78%        3d16      1%          3
 Ignite Poison            Fire/Tmut/Pois 78%        N/A       1%          3
 Stone Arrow              Conj/Erth      100%       3d13      1%          3
 Swiftness                Air            78%        N/A       1%          3
 Teleport Other           Tloc           78%        N/A       1%          3
 Volatile Blastmotes      Fire/Tloc      100%       2d18      1%          3
 Airstrike                Air            39%        2d(6-22)  1%          4
 Anguish                  Hex/Necr       43%        N/A       1%          4
 Animate Armour           Summ/Erth      100%       N/A       1%          4
 Animate Dead             Necr           81%        N/A       1%          4
 Brom's Barrelling Bould  Conj/Erth      78%        2d9       1%          4
 Dimensional Bullseye     Hex/Tloc       42%        N/A       1%          4
 Flame Wave               Conj/Fire      78%        2d17      1%          4
 Leda's Liquefaction      Hex/Erth       42%        N/A       1%          4
 Manifold Assault         Tloc           78%        N/A       1%          4
 Olgreb's Toxic Radiance  Pois           78%        N/A       1%          4
 Petrify                  Tmut/Erth      78%        N/A       1%          4
 Sticky Flame             Conj/Fire      78%        2d9       1%          4
 Summon Ice Beast         Ice/Summ       78%        N/A       1%          4
 Summon Lightning Spire   Summ/Air       78%        N/A       1%          4
 Agony                    Necr           81%        N/A       1%          5
 Alistair's Intoxication  Tmut/Pois      52%        N/A       1%          5
 Arcjolt                  Conj/Air       39%        1d49      1%          5
 Fireball                 Conj/Fire      39%        3d16      1%          5
 Freezing Cloud           Conj/Ice/Air   39%        6-21      1%          5
 Irradiate                Conj/Tmut      39%        3d24      1%          5
 Iskenderun's Battlesphe  Conj           78%        2d13      1%          5
 Lee's Rapid Deconstruct  Erth           39%        3d19*     1%          5
 Metabolic Englaciation   Hex/Ice        42%        N/A       1%          5
 Summon Forest            Summ/Tloc      39%        N/A       1%          5
 Conjure Ball Lightning   Conj/Air       39%        3x3d13    1%          6
 Dispersal                Tloc           39%        N/A       1%          6
 Eringya's Noxious Bog    Tmut/Pois      39%        4d6       1%          6
 Plasma Beam              Fire/Air       39%        2x1d52    1%          6
 Simulacrum               Ice/Necr       40%        N/A       1%          6
 Starburst                Conj/Fire      39%        6d11      1%          6
 Summon Cactus Giant      Summ           39%        N/A       1%          6
 Discord                  Hex            45%        N/A       8%          8
 Malign Gateway           Summ/Tloc      39%        N/A       9%          7
 Monstrous Menagerie      Summ           39%        N/A       9%          7
 Orb of Destruction       Conj           39%        9d11      9%          7
 Summon Hydra             Summ           39%        N/A       9%          7
 Borgnjor's Revivificati  Necr           40%        N/A       36%         8
 Disjunction              Tloc           39%        N/A       56%         8
 Ignition                 Fire           39%        3d12      56%         8
 Lehudib's Crystal Spear  Conj/Erth      39%        10d10     56%         8
 Maxwell's Capacitive Co  Air            39%        ∞         56%         8
 Summon Horrible Things   Summ           39%        N/A       56%         8
 Death's Door             Necr           40%        N/A       99%         9
 Chain Lightning          Conj/Air       39%        3d52      100%        9
 Dragon's Call            Summ           39%        N/A       100%        9


Dungeon Overview and Level Annotations

Branches:
Dungeon (15/15)            Temple (1/1) D:7            Lair (5/5) D:10
 Shoals (4/4) Lair:2        Snake (4/4) Lair:2        Slime (0/5) Lair:5
    Orc (2/2) D:11            Elf (3/3) Orc:2        Vaults (5/5) D:13
  Crypt (3/3) Vaults:2       Tomb (0/3) Crypt:3      Depths (4/4) D:15
    Zot (5/5) Depths:4     Bailey (visited)           IceCv (visited)
Volcano (visited)         Desolation (visited)

Altars:
Ashenzari
Cheibriados
Dithmenos
Elyvilon
Fedhas
Gozag
Hepliaklqana
Kikubaaqudgha
Makhleb
Nemelex Xobeh
Okawaru
Qazlal
Ru
Sif Muna
Trog
Uskayaw
Vehumet
Wu Jian
Xom
Yredelemnul
Zin
The Shining One
Jiyva
Lugonu

Shops:
D:4 (*(?   D:8 (   D:12 :   Orc:1 :=([=   Orc:2 [*:?   Elf:1 *:   Vaults:1 [
Vaults:2 =   Vaults:4 *   Depths:4 *=:=

Portals:
Hell: Depths:1 Depths:2 Depths:3 Depths:4
Abyss: Depths:2 Depths:3
Pandemonium: Orc:2 Depths:1 Depths:2
Ziggurat: Depths:3
Trove: D:15 (give 14 potions of heal wounds)

Annotations:
Shoals:1 exclusion: sea snake, Mlioglotl
Elf:2 3 runed translucent doors
Depths:1 3 runed translucent doors, Camaan's ghost, adept DgCj
Depths:3 3 runed translucent doors
Zot:5 2 transporters


Innate Abilities, Weirdness & Mutations

You have very sharp teeth.
Your uncanny sense of smell can sniff out nearby items.
Your experience applies equally to all skills.


Message History

The Orb Guardian writhes in agony.
The Orb Guardian is lightly wounded.
You hit the Orb Guardian but do no damage.
The Orb Guardian writhes in agony!
You hit the Orb Guardian but do no damage.
The Orb Guardian writhes in agony.
The Orb Guardian is moderately wounded.
The Orb Guardian hits you!
You hit the Orb Guardian.
The Orb Guardian writhes in agony.
You bite the Orb Guardian, but do no damage.
You hit the Orb Guardian but do no damage.
The Orb Guardian writhes in agony.
The Orb Guardian is heavily wounded.
The Orb Guardian closely misses you.
You closely miss the Orb Guardian. You hit the Orb Guardian.
The Orb Guardian writhes in agony!
You bite the Orb Guardian, but do no damage.
The Orb Guardian is severely wounded.
You block the Orb Guardian's attack.
You hit the Orb Guardian.
The Orb Guardian writhes in agony!
You puncture the Orb Guardian!
The Orb Guardian writhes in agony.
Your bite misses the Orb Guardian.
The Orb Guardian is almost dead.
You hit the Orb Guardian but do no damage.
The Orb Guardian writhes in agony!
You kill the Orb Guardian!
Kikubaaqudgha accepts your kill.
There is a stone staircase leading up here.
You climb upwards.
There is a stone staircase leading down here.
There is an open door here.
There is a stone staircase leading up here.
You climb upwards.
There is a stone staircase leading down here.
There is a stone staircase leading up here.
You climb upwards.
There is a stone staircase leading down here.
There is an open door here.
There is a staircase leading out of the dungeon here.
You have escaped!

#..###..#####≈≈§§§≈≈#####..###.#
#####.### #≈≈≈(..(.≈≈≈#
###.##.## # #.## #...........#
##.##.> # #.# ######)######
#.###. # ##.##### ####8'8####
######.#.. #
#.##...###.........###..≈##.#.#
#
#.#....##...........##..≈≈#.#.#
#
#.#....#............'#...≈#.#.#
#
#.'...........@.....8'..(≈'....
#
#.#....#............##..(≈#.###
# #.#....##...........##..≈≈#.#
#
#.##...###.........###..§##.###
# ##.##### ###8#8'8###
#####.##.. ####.# ######'######
#.#### ..##.## #......§....#
##.# # ...##.### #≈≈≈.§§.§≈≈≈#
###.## #
...###..#####≈≈§§≈§§#####..#####


There were no monsters in sight!

Vanquished Creatures
  2 dread liches
  5 ancient liches
  2 orbs of fire (Zot:5)
  A juggernaut (Depths:2)
  Bai Suzhen (Crypt:3)
  3 Killer Klowns
  A curse toe (Zot:5)
  Xtahua (Depths:3)
  10 golden dragons
  The ghost of Rakupo Megg the Devastator, a veteran GrEE of Lugonu (Crypt:2)
  Nikola (Snake:3)
  4 bone dragons
  The ghost of Qecvurom the Warrior, an adept DrRe of Fedhas (Vaults:1)
  Jory (Crypt:3)
  The ghost of freelancePsychic the Warrior, an adept DrMo of Ru (Depths:2)
  The ghost of Fotooss the Impregnable, an adept MiDe of Makhleb (Vaults:1)
  Jorgrun (Snake:1)
  An electric golem (Zot:5)
  A shard shrike skeleton (Crypt:3)
  3 tentacled monstrosities
  21 Orb Guardians
  A walking earthen tome (Depths:2)
  9 titans
  Asterion (Vaults:1)
  5 liches
  The ghost of Namoxzo the Warrior, an adept VSBr of Okawaru (Vaults:1)
  4 quicksilver dragons
  A deep elf blademaster (Elf:3)
  2 walking frostbound tomes
  2 deep elf master archers (Elf:3)
  The ghost of GigaChad the Severer, an adept FoFi of Gozag (Snake:4)
  2 acid blobs (Depths:2)
  7 sphinxes
  6 death cobs
  5 ancient champions (Crypt:3)
  12 storm dragons
  14 tengu reavers
  4 shadow dragons
  3 draconian monks
  Aizul (Vaults:2)
  An azure jelly (Depths:2)
  A draconian knight (Zot:4)
  A rockslime (Depths:2)
  14 frost giants
  10 fire giants
  6 nagarajas
  4 revenants (Crypt:2)
  2 balrugs
  2 draconian scorchers (Zot:5)
  5 deep elf sorcerers
  2 imperial myrmidons (Desolation)
  8 ghouls
  4 iron dragons
  5 deep elf elementalists (Elf:3)
  14 vault wardens
  Louise (Snake:3)
  A caustic shrike zombie (D:15)
  6 draconian annihilators
  A draconian shifter (Zot:4)
  4 curse skulls
  15 ironbound preservers
  A war gargoyle (Vaults:4)
  5 formless jellyfish
  A spriggan defender (Depths:4)
  3 orc warlords
  A quicksilver ooze (Depths:2)
  The ghost of gribnar the Skirmisher, a journeyman OpSh of Hepliaklqana (Shoals:2)
  3 reapers
  15 very ugly things
  9 stone giants
  2 juggernaut skeletons (Crypt:3)
  8 vampire knights
  6 green draconians
  The ghost of GreenGuy14 the Basher, a journeyman MiFi of Uskayaw (Vaults:1)
  6 ironbound thunderhulks
  A deep elf demonologist (Elf:3)
  3 black draconians
  8 deep elf annihilators
  2 white draconians (Zot:5)
  3 spark wasps (Depths:4)
  19 dire elephants
  2 halazid warlocks (Desolation)
  4 purple draconians
  8 red draconians
  5 yellow draconians
  An acid blob zombie (Crypt:2)
  2 crystal guardians (Desolation)
  11 deep elf death magi
  Snorg (D:11)
  2 green deaths (Snake:1)
  Josephine (D:14)
  10 ettins
  A spectral kraken (Shoals:2)
  An entropy weaver (Vaults:3)
  5 merfolk javelineers
  A quicksilver dragon zombie (Vaults:5)
  15 yaktaur captains
  A fire dragon (shapeshifter) (Vaults:5)
  7 fire dragons
  3 ragged hierophants (Desolation)
  18 merfolk impalers
  6 eidola
  10 deep elf high priests
  5 great orbs of eyes
  5 servants of whispers (Desolation)
  9 jiangshi
  24 vault guards
  A rakshasa (Depths:2)
  2 ogre magi (Vaults:5)
  Harold (D:9)
  2 demonspawn (Orc:2)
  9 peacekeepers
  4 catoblepae (Lair:5)
  9 ironbound frosthearts
  3 spriggan air magi
  2 spriggan skeletons (Crypt:3)
  2 salamander tyrants (Snake:4)
  10 ice dragons
  10 boulder beetles
  An alligator snapping turtle (Shoals:3)
  13 anacondas
  6 hydras
  22 centaur warriors
  5 death knights
  5 merfolk avatars
  8 merfolk aquamancers
  10 naga warriors
  3 deep troll shamans
  5 two-headed ogres
  A two-headed ogre (shapeshifter) (Vaults:4)
  21 dancing weapons
  6 deep troll earth magi
  2 satyrs
  13 death yaks
  6 orc high priests
  7 vampire magi
  Urug (D:11)
  A bennu skeleton (Crypt:3)
  13 naga sharpshooters
  5 spriggan berserkers
  2 tengu warriors
  A shadow wraith (Crypt:2)
  3 shock serpents
  22 deep elf knights
  3 soul eaters (Depths:1)
  A titan skeleton (Crypt:3)
  5 skysharks
  11 iron trolls (Depths:1)
  2 sun demons
  A bunyip zombie (Crypt:3)
  A sixfirhy (Orc:2)
  51 skeletal warriors
  4 salamander mystics
  2 shadow dragon zombies
  7 flayed ghosts
  33 deep trolls
  4 glowing orange brains
  11 sea snakes
  10 naga ritualists
  An orange crystal statue (Snake:3)
  15 ironbound convokers
  16 deep elf archers
  A bunyip skeleton (Crypt:1)
  2 wizards
  Pikel (D:4)
  5 bog bodies
  26 harpies
  9 phantasmal warriors
  10 orc knights
  23 deep elf zephyrmancers
  19 lindwurms
  4 necromancers
  5 mana vipers
  24 deep elf pyromancers
  9 fauns
  An iron dragon zombie (Vaults:5)
  A salamander (shapeshifter) (Depths:4)
  25 ugly things
  A shadow dragon skeleton (Crypt:3)
  10 cyclopes
  13 orc sorcerers
  A frost giant zombie (D:15)
  8 salamanders
  15 manticores
  10 elephants
  A fire giant skeleton (Crypt:2)
  2 stone giant skeletons (Crypt:3)
  8 moths of wrath
  10 guardian serpents
  2 iron dragon skeletons (Crypt:3)
  8 merfolk sirens
  A torpor snail (shapeshifter) (Depths:4)
  A black mamba (shapeshifter) (Vaults:5)
  15 water nymphs
  6 gargoyles
  23 vault sentinels
  14 naga magi
  A guardian serpent (shapeshifter) (D:15)
  20 black mambas
  2 spectral sea snakes (Shoals:2)
  An elephant slug zombie (Crypt:3)
  5 eyes of devastation (Depths:2)
  Psyche (D:9)
  2 smoke demons (Volcano)
  A rime drake (Lair:3)
  11 cane toads
  4 centaur skeletons (Crypt:3)
  A dire elephant skeleton (Crypt:3)
  An unseen horror (D:11)
  A yaktaur skeleton (Vaults:5)
  10 komodo dragons
  15 yaktaurs
  A hellion (Depths:1)
  3 tengu conjurers
  A purple draconian skeleton (Crypt:3)
  An alligator snapping turtle skeleton (Crypt:3)
  6 ice devils
  10 freezing wraiths
  An anaconda simulacrum (IceCv)
  A red devil (Depths:2)
  6 guardian mummies
  A hellwing (Depths:1)
  A meliai (Vaults:5)
  A polar bear (Lair:3)
  A hornet (D:9)
  5 trolls
  26 merfolk
  8 wind drakes
  A hydra skeleton (Crypt:3)
  6 blink frogs (Lair:2)
  2 blink frogs (shapeshifter)
  27 saltlings (Desolation)
  A harpy skeleton (Crypt:3)
  A dream sheep (Lair:5)
  5 snapping turtles
  6 air elementals
  2 ettin skeletons
  24 slime creatures
  A centaur simulacrum (D:14)
  An elf zombie (Vaults:5)
  A slime creature (shapeshifter) (Vaults:5)
  A guardian serpent skeleton (Crypt:2)
  5 spriggans (Bailey)
  A fire dragon skeleton (Crypt:3)
  A ynoxinul (Orc:2)
  12 flying skulls
  5 wyverns
  25 water elementals
  11 wraiths
  2 fire elementals
  60 yaks
  A chaos spawn (Depths:1)
  7 basilisks
  Grum (D:11)
  4 steam dragons
  8 vampire mosquitoes
  A death yak simulacrum (IceCv)
  A faun zombie (Crypt:1)
  7 wargs
  A skyshark zombie (Crypt:2)
  3 spectral snapping turtles (Shoals:2)
  44 nagas
  An acid dragon (D:9)
  A water nymph skeleton (Crypt:1)
  A floating eye (Depths:3)
  14 water moccasins
  A hydra simulacrum (IceCv)
  Duvessa (D:4)
  5 hell hounds (Volcano)
  A faun skeleton (Crypt:2)
  2 naga skeletons (Crypt:3)
  A sky beast (D:8)
  A black bear (shapeshifter) (D:13)
  33 orc warriors
  A swamp drake (D:11)
  2 ice beasts
  2 black bears
  8 ogres
  24 wolves
  8 centaurs
  6 boggarts
  A lindwurm skeleton (Crypt:1)
  5 kobold brigands
  A komodo dragon skeleton (Crypt:2)
  20 bullfrogs
  2 necrophages (Crypt:2)
  2 earth elementals
  A gnoll sergeant (D:10)
  A scorpion (D:6)
  2 cane toad simulacra (IceCv)
  3 wights
  5 two-headed ogre simulacra (IceCv)
  Dowan (D:4)
  An elephant simulacrum (IceCv)
  9 killer bees
  4 howler monkeys
  An electric eel (D:9)
  A human zombie (Crypt:1)
  4 hounds
  26 orc priests
  A basilisk zombie (Crypt:1)
  5 gnoll boudas
  5 jellies
  A sleepcap (D:8)
  Natasha (thrice) (D:4)
  A scorpion zombie (D:4)
  2 iguanas
  4 human skeletons
  23 orc wizards
  2 hell rats (D:10)
  2 troll simulacra (IceCv)
  A polar bear simulacrum (IceCv)
  2 wolf simulacra (IceCv)
  A tengu skeleton (Crypt:2)
  5 mummies (Crypt:1)
  11 gnolls
  4 adders
  2 naga simulacra (IceCv)
  A river rat (D:10)
  3 shadow imps
  4 white imps
  4 ufetubi
  An iguana skeleton (Crypt:3)
  A lava snake zombie (Crypt:3)
  An adder zombie (D:4)
  2 worms
  A dart slug (D:2)
  91 orcs
  8 bats
  5 endoplasms
  A gnoll zombie (Crypt:1)
  9 goblins
  7 hobgoblins
  6 jackals (D:5)
  6 quokkas
  4 ball pythons
  An endoplasm zombie (Crypt:3)
  2 frilled lizards
  A gnoll skeleton (Crypt:1)
  A hobgoblin zombie (Crypt:3)
  12 kobolds
  A kobold skeleton (Crypt:3)
  An orc skeleton (Crypt:3)
  3 rats (D:3)
  A tentacle (Shoals:2)
2120 creatures vanquished.

Vanquished Creatures (collateral kills)
  3 tentacled monstrosities
  A lich (Depths:4)
  A titan (Vaults:5)
  The ghost of Jikhlit the Brawler, an adept TrMo of Nemelex Xobeh (Depths:4)
  A shadow dragon (Zot:5)
  2 frost giants
  A fire giant (Depths:1)
  A vault warden (Vaults:5)
  A very ugly thing (Depths:4)
  3 ragged hierophants (Desolation)
  A yaktaur captain (Vaults:5)
  A deep elf high priest (Vaults:5)
  An ice dragon (Depths:4)
  A peacekeeper (Desolation)
  A rakshasa (D:7)
  A spriggan air mage (Depths:4)
  5 vault guards (Vaults:5)
  A two-headed ogre (D:6)
  A deep troll earth mage (Depths:4)
  A shadow wraith (Vaults:5)
  A flayed ghost (Vaults:5)
  An ironbound convoker (Vaults:5)
  2 moths of wrath
  2 ugly things (Depths:1)
  A guardian serpent (Desolation)
  A smoke demon (Volcano)
  An ice devil (IceCv)
  A red devil (Orc:2)
  2 trolls
  16 saltlings (Desolation)
  Eustachio (D:4)
  A yak (Lair:3)
  A naga (Lair:2)
  A floating eye (Depths:1)
  2 ogres
  A bullfrog (Lair:1)
  A killer bee (D:9)
  An orc priest (Orc:2)
  4 gnolls
  A worm (D:4)
  2 orcs
  A bat (D:1)
  An endoplasm (D:1)
  A jackal (D:5)
  2 kobolds
78 creatures vanquished.

Vanquished Creatures (others)
  10 imperial myrmidons (Desolation)
  A black mamba (Snake:3)
  A guardian serpent (Desolation)
  An orc (Elf:2)
  23 tentacles (Shoals:2)
36 creatures vanquished.

Grand Total: 2234 creatures vanquished

Notes
Turn   | Place    | Note
-------+----------+-------------------------------------------
     0 | D:1      | snuffles the Gnoll Necromancer began the quest for the Orb.
     0 | D:1      | Reached XP level 1. HP: 13/13 MP: 6/6
   262 | D:1      | Reached XP level 2. HP: 19/19 MP: 5/7
   562 | D:1      | Reached XP level 3. HP: 25/25 MP: 1/9
   715 | D:1      | Reached skill level 5 in Spellcasting
   993 | D:1      | Learned a level 3 spell: Vampiric Draining
  1268 | D:2      | Reached skill level 1 in Invocations
  1583 | D:2      | Reached skill level 1 in Fighting
  1583 | D:2      | Reached skill level 1 in Short Blades
  1583 | D:2      | Reached skill level 1 in Long Blades
  1583 | D:2      | Reached skill level 1 in Axes
  1583 | D:2      | Reached skill level 1 in Maces & Flails
  1583 | D:2      | Reached skill level 1 in Polearms
  1583 | D:2      | Reached skill level 1 in Staves
  1583 | D:2      | Reached skill level 1 in Ranged Weapons
  1583 | D:2      | Reached skill level 1 in Throwing
  1583 | D:2      | Reached skill level 1 in Armour
  1583 | D:2      | Reached skill level 1 in Shields
  1583 | D:2      | Reached skill level 1 in Unarmed Combat
  1583 | D:2      | Reached skill level 1 in Evocations
  1833 | D:3      | Found a glowing golden altar of the Shining One.
  1915 | D:3      | Found a white marble altar of Elyvilon.
  1987 | D:3      | Reached XP level 4. HP: 32/32 MP: 9/11
  2299 | D:3      | Reached skill level 1 in Shapeshifting
  2306 | D:3      | Reached skill level 1 in Conjurations
  2306 | D:3      | Reached skill level 1 in Hexes
  2306 | D:3      | Reached skill level 1 in Summonings
  2306 | D:3      | Reached skill level 1 in Translocations
  2306 | D:3      | Reached skill level 1 in Transmutations
  2306 | D:3      | Reached skill level 1 in Fire Magic
  2306 | D:3      | Reached skill level 1 in Ice Magic
  2306 | D:3      | Reached skill level 1 in Air Magic
  2306 | D:3      | Reached skill level 1 in Earth Magic
  2306 | D:3      | Reached skill level 1 in Poison Magic
  2382 | D:3      | Learned a level 2 spell: Call Imp
  2470 | D:3      | Found an ornate altar of the Wu Jian Council.
  2998 | D:4      | Noticed Duvessa
  2998 | D:4      | Noticed Dowan
  3041 | D:3      | Reached XP level 5. HP: 25/37 MP: 6/12
  3236 | D:4      | Found Daamaveu's General Store.
  3246 | D:4      | Bought a +0 buckler for 63 gold pieces
  3284 | D:4      | Noticed Eustachio
  3406 | D:4      | Noticed a lemure
  3406 | D:4      | Noticed a lemure
  3406 | D:4      | Noticed a lemure
  3461 | D:5      | Entered Level 5 of the Dungeon
  3714 | D:5      | Noticed an ogre
  3753 | D:5      | Killed an ogre
  3754 | D:5      | Reached XP level 6. HP: 44/44 MP: 8/14
  3861 | D:5      | Reached skill level 5 in Dodging
  4024 | D:5      | Identified the +3 mace of the Warrior-Mage {holy, rElec
                  | Int+2}
  4101 | D:5      | Found a stormy altar of Qazlal.
  4420 | D:5      | Reached XP level 7. HP: 50/50 MP: 10/15
  5208 | D:4      | Found Vurroim's Magic Scroll Boutique.
  5225 | D:4      | Bought a scroll of teleportation for 39 gold pieces
  5225 | D:4      | Bought a scroll of blinking for 97 gold pieces
  5303 | D:4      | Reached skill level 5 in Stealth
  5408 | D:4      | Learned a level 3 spell: Mephitic Cloud
  5501 | D:4      | Killed Duvessa
  5511 | D:4      | Killed Dowan
  5512 | D:4      | Reached XP level 8. HP: 54/57 MP: 9/16
  5583 | D:4      | Noticed Pikel
  5603 | D:4      | Killed Pikel
  5753 | D:4      | Noticed Natasha
  5759 | D:4      | Killed Natasha
  5768 | D:4      | Noticed Natasha
  5774 | D:4      | Killed Natasha
  5815 | D:4      | Noticed Natasha
  5819 | D:4      | Killed Natasha
  5907 | D:4      | Identified the +0 ring mail "Ymyuv" {Regen+ Str+5 Stlth+}
  5929 | D:4      | Found Egeskia's Weapon Shop.
  6022 | D:4      | Killed Eustachio
  6039 | D:4      | Found a basalt altar of Yredelemnul.
  6117 | D:4      | Found Adwew's Weapon Shop.
  6197 | D:3      | Reached XP level 9. HP: 51/65 MP: 13/18
  6412 | D:6      | Found an ancient bone altar of Kikubaaqudgha.
  6415 | D:6      | Found a blossoming altar of Fedhas.
  6495 | D:6      | Found an opulent altar of Gozag.
  7154 | D:6      | Became a worshipper of Kikubaaqudgha
  7260 | D:6      | Noticed a two-headed ogre
  7271 | D:6      | Killed a two-headed ogre
  7272 | D:6      | Reached skill level 5 in Invocations
  7545 | D:7      | Found a staircase to the Ecumenical Temple.
  7556 | Temple   | Entered the Ecumenical Temple
  7584 | D:7      | Found a flagged portal.
  7593 | Bailey   | Entered a bailey
  7603 | Bailey   | Learned a level 3 spell: Call Canine Familiar
  7635 | Bailey   | Reached XP level 10. HP: 73/73 MP: 5/20
  7730 | Bailey   | Noticed a two-headed ogre
  7746 | Bailey   | Killed a two-headed ogre
  7747 | Bailey   | Reached skill level 5 in Fighting
  7747 | Bailey   | Reached skill level 5 in Short Blades
  7747 | Bailey   | Reached skill level 5 in Long Blades
  7747 | Bailey   | Reached skill level 5 in Axes
  7747 | Bailey   | Reached skill level 5 in Maces & Flails
  7747 | Bailey   | Reached skill level 5 in Polearms
  7747 | Bailey   | Reached skill level 5 in Staves
  7747 | Bailey   | Reached skill level 5 in Ranged Weapons
  7747 | Bailey   | Reached skill level 5 in Throwing
  7747 | Bailey   | Reached skill level 5 in Armour
  7747 | Bailey   | Reached skill level 5 in Shields
  7747 | Bailey   | Reached skill level 5 in Unarmed Combat
  7747 | Bailey   | Reached skill level 5 in Evocations
  8398 | D:7      | Learned a level 2 spell: Blink
  8533 | D:7      | Found a bloodstained altar of Trog.
  8747 | D:7      | Identified 2 scrolls of acquirement
  8747 | D:7      | Acquired the ring of Nusk {rF+ Will+}
  8751 | D:7      | Acquired the ring "Taiteule" {Contam rElec rPois Will+
                  | Int+3}
  8790 | D:8      | Found Goozxaimia's Antique Weapon Shoppe.
  8848 | D:8      | Reached skill level 5 in Shapeshifting
  9133 | D:8      | Reached * piety under Kikubaaqudgha
  9133 | D:8      | Received a gift from Kikubaaqudgha
  9472 | D:8      | Reached skill level 5 in Hexes
  9594 | D:8      | Noticed a two-headed ogre
  9599 | D:8      | Reached XP level 11. HP: 81/81 MP: 22/22
  9608 | D:8      | Noticed a rakshasa
  9610 | D:8      | Killed a two-headed ogre
  9611 | D:8      | Reached skill level 5 in Conjurations
  9611 | D:8      | Reached skill level 5 in Summonings
  9611 | D:8      | Reached skill level 5 in Translocations
  9611 | D:8      | Reached skill level 5 in Transmutations
  9611 | D:8      | Reached skill level 5 in Fire Magic
  9611 | D:8      | Reached skill level 5 in Ice Magic
  9611 | D:8      | Reached skill level 5 in Air Magic
  9611 | D:8      | Reached skill level 5 in Earth Magic
  9611 | D:8      | Reached skill level 5 in Poison Magic
  9896 | D:9      | Paralysed by a hornet for 2 turns
 10148 | D:9      | Noticed Harold
 10163 | D:9      | Killed Harold
 10346 | D:9      | Reached ** piety under Kikubaaqudgha
 11121 | D:9      | Noticed Psyche
 11132 | D:9      | Killed Psyche
 11228 | D:10     | Entered Level 10 of the Dungeon
 11417 | D:10     | Found a sparkling altar of Nemelex Xobeh.
 11417 | D:10     | Noticed a two-headed ogre
 11441 | D:10     | Killed a two-headed ogre
 11935 | D:10     | Noticed a death yak
 12221 | D:10     | Noticed a death yak
 12418 | D:10     | Killed a death yak
 12469 | D:10     | Reached *** piety under Kikubaaqudgha
 12469 | D:10     | Received a gift from Kikubaaqudgha
 12486 | D:10     | Learned a level 4 spell: Dispel Undead
 12492 | D:10     | Noticed a death yak
 12635 | D:10     | Found a staircase to the Lair.
 12974 | Lair:1   | Entered Level 1 of the Lair of Beasts
 13086 | Lair:1   | Reached XP level 12. HP: 80/89 MP: 24/24
 13418 | Lair:1   | Noticed a boulder beetle
 13435 | Lair:1   | Killed a boulder beetle
 14030 | Lair:2   | Found a staircase to the Shoals.
 14125 | Lair:2   | Found a frozen archway.
 14129 | IceCv    | Entered an ice cave
 14229 | IceCv    | Reached **** piety under Kikubaaqudgha
 14870 | IceCv    | Noticed a reaper
 15138 | IceCv    | Killed a reaper
 15648 | Lair:2   | Reached XP level 13. HP: 93/98 MP: 24/26
 16018 | Lair:2   | Found a staircase to the Snake Pit.
 16435 | Lair:3   | Reached ***** piety under Kikubaaqudgha
 16524 | Lair:3   | Reached skill level 10 in Necromancy
 16967 | Lair:3   | Reached skill level 10 in Spellcasting
 17683 | Lair:3   | Found the +8 orange crystal plate armour {Archmagi, Int+3
                  | Clar}
 17925 | Lair:4   | Reached skill level 10 in Dodging
 18258 | Lair:4   | Reached XP level 14. HP: 74/108 MP: 19/28
 18593 | Lair:4   | Reached skill level 10 in Stealth
 18898 | Lair:5   | Entered Level 5 of the Lair of Beasts
 18900 | Lair:5   | Reached ****** piety under Kikubaaqudgha
 18904 | Lair:4   | Identified a +8 quick blade of pain (a +6 quick blade of
                  | protection bloodied by Kikubaaqudgha)
 18904 | Lair:4   | Received a gift from Kikubaaqudgha
 19243 | Lair:5   | Reached skill level 10 in Invocations
 19365 | Lair:5   | Found a staircase to the Slime Pits.
 19373 | Lair:5   | Found a viscous altar of Jiyva.
 19822 | Lair:5   | Reached skill level 10 in Hexes
 20897 | D:11     | Noticed Snorg
 20902 | D:11     | Noticed Grum
 20908 | D:11     | Killed Snorg
 20914 | D:11     | Killed Grum
 21181 | D:11     | Noticed Urug
 21188 | D:11     | Killed Urug
 21269 | D:11     | Found a staircase to the Orcish Mines.
 22040 | D:12     | Reached XP level 15. HP: 115/115 MP: 27/30
 22199 | D:12     | Found Neuff's Book Emporium.
 22250 | D:12     | Found a glowing golden altar of the Shining One.
 22256 | D:12     | Reached skill level 10 in Fighting
 22256 | D:12     | Reached skill level 10 in Short Blades
 22256 | D:12     | Reached skill level 10 in Long Blades
 22256 | D:12     | Reached skill level 10 in Axes
 22256 | D:12     | Reached skill level 10 in Maces & Flails
 22256 | D:12     | Reached skill level 10 in Polearms
 22256 | D:12     | Reached skill level 10 in Staves
 22256 | D:12     | Reached skill level 10 in Ranged Weapons
 22256 | D:12     | Reached skill level 10 in Throwing
 22256 | D:12     | Reached skill level 10 in Armour
 22256 | D:12     | Reached skill level 10 in Shields
 22256 | D:12     | Reached skill level 10 in Unarmed Combat
 22256 | D:12     | Reached skill level 10 in Evocations
 22596 | Orc:1    | Entered Level 1 of the Orcish Mines
 22596 | Orc:1    | Found Fitsoe's Book Emporium.
 22596 | Orc:1    | Found Mamaleme's Jewellery Emporium.
 22666 | Orc:1    | Found Sisiciesano's Antique Weapon Shop.
 22668 | Orc:1    | Found Faseja's Armour Shoppe.
 22689 | Orc:1    | Bought the +1 pair of boots "Laq Paev" {rCorr Int+3} for
                  | 369 gold pieces
 22893 | Orc:1    | Found Pogaedic's Jewellery Boutique.
 22996 | Orc:2    | Entered Level 2 of the Orcish Mines
 23007 | Orc:2    | Found a staircase to the Elven Halls.
 23035 | Orc:2    | Found a dark tunnel.
 23045 | Volcano  | Entered a volcano
 23357 | Orc:2    | Noticed an orc warlord
 23466 | Orc:1    | Killed an orc warlord
 23827 | Orc:2    | Learned a level 5 spell: Borgnjor's Vile Clutch
 23926 | Orc:2    | Found Gilups's General Store.
 24036 | Orc:2    | Found Zaruopa's Magic Scroll Shoppe.
 24234 | Orc:2    | Bought a scroll of blinking for 75 gold pieces
 24847 | Orc:2    | Found Erreutea's Book Shop.
 24847 | Orc:2    | Found Cerghamu's Antique Armour Boutique.
 24848 | Orc:2    | Found a one-way gate leading to the halls of Pandemonium.
 25213 | Orc:2    | Upgraded the game from 0.31-a0-846-gb3bcc0d938 to
                  | 0.31-a0-848-gaac375c287
 25220 | Orc:2    | Learned a level 6 spell: Death Channel
 25528 | D:13     | Identified the +6 scale mail of the Silversmith {+Inv Str+5
                  | Dex+3}
 25911 | D:13     | Reached XP level 16. HP: 119/124 MP: 31/31
 26728 | D:14     | Reached skill level 10 in Shapeshifting
 27175 | D:14     | Noticed Josephine
 27178 | D:14     | Killed Josephine
 27557 | D:15     | Entered Level 15 of the Dungeon
 27945 | D:15     | Found a broken altar of Ashenzari.
 28325 | D:15     | Identified the +1 ring mail of Jaecefuq {rF+ Str+2}
 28341 | D:15     | Found a portal to a secret trove of treasure.
 28455 | D:15     | Found a staircase to the Depths.
 29638 | Snake:1  | Entered Level 1 of the Snake Pit
 30167 | Snake:1  | Noticed Jorgrun
 30472 | Snake:1  | Noticed a nagaraja
 30688 | Snake:1  | Killed a nagaraja
 30827 | Snake:1  | Found a runed translucent door.
 30850 | Snake:1  | Identified the +5 lajatang of Demonkind {vamp, Str+4}
 31231 | Snake:2  | Reached XP level 17. HP: 128/131 MP: 33/33
 31307 | Snake:2  | Found a broken altar of Ashenzari.
 31936 | Snake:3  | Found a transporter.
 31963 | Snake:3  | Found a transporter.
 32195 | Snake:3  | Noticed Louise
 32219 | Snake:3  | Killed Louise
 32310 | Snake:3  | Noticed Nikola
 32330 | Snake:3  | Killed Nikola
 32404 | Snake:3  | Reached skill level 10 in Conjurations
 32404 | Snake:3  | Reached skill level 10 in Summonings
 32404 | Snake:3  | Reached skill level 10 in Translocations
 32404 | Snake:3  | Reached skill level 10 in Transmutations
 32404 | Snake:3  | Reached skill level 10 in Fire Magic
 32404 | Snake:3  | Reached skill level 10 in Ice Magic
 32404 | Snake:3  | Reached skill level 10 in Air Magic
 32404 | Snake:3  | Reached skill level 10 in Earth Magic
 32404 | Snake:3  | Reached skill level 10 in Poison Magic
 32987 | Snake:4  | Entered Level 4 of the Snake Pit
 33182 | Snake:4  | Found a runed translucent door.
 33187 | Snake:4  | Acquired the +2 pair of boots "Furhoc" {*Slow Str+5}
 33220 | Snake:4  | Noticed GigaChad's ghost (adept FoFi)
 33236 | Snake:4  | Killed GigaChad's ghost
 33239 | Snake:4  | Identified the staff "Isuytyam" {+Blink Fly rPois rN+ Dex-2
                  | SInv Necro}
 33466 | Snake:4  | Found an ornate altar of the Wu Jian Council.
 35079 | Snake:4  | Got a serpentine rune of Zot
 35335 | Shoals:1 | Entered Level 1 of the Shoals
 35352 | Shoals:1 | Reached XP level 18. HP: 140/140 MP: 35/35
 35384 | Shoals:1 | Identified the +1 robe "Qufuiff" {Int+2}
 35811 | Shoals:1 | Noticed Mlioglotl
 36908 | Shoals:2 | Found a transporter.
 36924 | Shoals:2 | Found a transporter.
 36925 | Shoals:2 | Noticed gribnar's ghost (journeyman OpSh)
 36925 | Shoals:2 | Found the ring of the Octopus King
 37164 | Shoals:2 | Killed gribnar's ghost
 37664 | Shoals:3 | Identified the +0 helmet of the Nice Clam {Will+}
 37861 | Shoals:3 | Found a runed translucent door.
 38318 | Shoals:3 | Identified the +11 flail "Otat" {freeze, rF+ Will+}
 38408 | Shoals:3 | Got an ancient book
 38819 | Shoals:4 | Entered Level 4 of the Shoals
 38833 | Shoals:4 | Paralysed by an air elemental for 1 turns
 39160 | Shoals:4 | Paralysed by an air elemental for 1 turns
 39512 | Shoals:4 | Paralysed by an air elemental for 1 turns
 39543 | Shoals:4 | Reached XP level 19. HP: 136/149 MP: 30/36
 39933 | Shoals:4 | Got a barnacled rune of Zot
 39945 | Shoals:4 | Identified the +2 mace of Diet Blood {flame, SInv}
 40382 | D:8      | Identified the +8 sling of the Ecumenical Temple
                  | {antimagic, rCorr Str+4}
 40733 | D:13     | Found a gate to the Vaults.
 41008 | Elf:1    | Entered Level 1 of the Elven Halls
 41130 | Elf:1    | Learned a level 5 spell: Silence
 41137 | Elf:1    | Learned a level 5 spell: Summon Mana Viper
 41144 | Elf:1    | Found Mytreceh's Gadget Gallery.
 41161 | Elf:1    | Found a crumbling gateway.
 41224 | Desolati | Entered the Desolation of Salt
 41342 | Desolati | Reached skill level 15 in Hexes
 41828 | Desolati | Identified the ring of Moodiness {rPois rC+}
 42200 | Desolati | Identified the amulet "Fajeuxtufe" {RegenMP Fly rCorr}
 42205 | Desolati | Identified the ring of Ceczadui {+Blink rF+ rCorr Str+6}
 42274 | Desolati | Identified the staff of Extinguishment {Int-4 Dex+2 Stlth+
                  | Conj}
 42279 | Desolati | Identified the ring "Weroad" {MP+9 Str+6 Int+3}
 42285 | Desolati | Identified the +3 leather armour of Dooropt {*Corrode rC++}
 42445 | Desolati | Identified the +0 leather armour of Qireachi {rN+ Dex+2
                  | Slay+3 SInv}
 42466 | Desolati | Identified the +3 leather armour of the Dwarven Hall
                  | {Will+}
 42467 | Desolati | Identified the ring of Zyiqy {Will+ rCorr}
 42814 | Elf:1    | Reached XP level 20. HP: 158/158 MP: 38/38
 43012 | Elf:1    | Found Nuomoj's Book Boutique.
 43356 | Elf:2    | Reached skill level 15 in Invocations
 43785 | Elf:2    | Found a runed translucent gate.
 43785 | Elf:2    | Found a runed translucent gate.
 43787 | Elf:2    | Found a runed translucent gate.
 43952 | Elf:3    | Entered Level 3 of the Elven Halls
 45324 | Elf:3    | Identified the +8 scale mail of the Lumpy Wishes {Harm rF+
                  | Int+2 Dex+2}
 45369 | Elf:3    | Identified the +5 falchion of Acire {venom, rF+ Will+
                  | Str+6}
 45469 | Elf:3    | Identified the +2 robe of Oceitiq {rPois}
 45475 | Elf:3    | Reached skill level 15 in Spellcasting
 45479 | Elf:3    | Identified the +8 quarterstaff of Disembowelment {protect,
                  | Will- Int+5 Dex+3}
 45486 | Elf:3    | Identified the +5 chain mail of the First Snow {rElec rC-
                  | Will+ Slay+2}
 45486 | Elf:3    | Identified the ring "Deenk" {Wiz rF+ rC+ rN+}
 45765 | Elf:3    | Identified the +12 battleaxe of the Protecting Badger
                  | {venom, SInv}
 45785 | Elf:3    | Identified the +4 whip "Biget" {freeze, *Corrode Will++}
 46391 | Elf:3    | Found the +27 heavy crossbow "Sniper" {heavy, Acc+∞ SInv}
 46409 | Elf:3    | Got a mumbling book
 46444 | Elf:3    | Got a decrepit book
 46505 | Elf:3    | Got a parchment book
 46866 | Elf:3    | Reached skill level 15 in Dodging
 46958 | Elf:3    | Reached XP level 21. HP: 166/166 MP: 40/40
 47217 | Vaults:1 | Entered Level 1 of the Vaults
 47347 | Vaults:1 | Found a runed translucent gate.
 47349 | Vaults:1 | Found a runed translucent gate.
 47349 | Vaults:1 | Found a runed translucent gate.
 47349 | Vaults:1 | Noticed Fotooss's ghost (adept MiDe)
 47350 | Vaults:1 | Noticed Namoxzo's ghost (adept VSBr)
 47351 | Vaults:1 | Noticed GreenGuy14's ghost (journeyman MiFi)
 47352 | Vaults:1 | Noticed Qecvurom's ghost (adept DrRe)
 47480 | Vaults:1 | Found Totech's Armour Shoppe.
 47524 | Vaults:1 | Reached skill level 15 in Stealth
 47903 | Vaults:1 | Noticed Asterion
 48293 | Vaults:1 | Killed Asterion
 48608 | Vaults:1 | Killed Namoxzo's ghost
 48614 | Vaults:1 | Killed Qecvurom's ghost
 48622 | Vaults:1 | Killed GreenGuy14's ghost
 48650 | Vaults:1 | Killed Fotooss's ghost
 48651 | Vaults:1 | Reached skill level 15 in Maces & Flails
 48791 | Vaults:2 | Noticed Aizul
 48935 | Vaults:2 | Found a staircase to the Crypt.
 48935 | Vaults:2 | Found an ancient bone altar of Kikubaaqudgha.
 48936 | Vaults:2 | Found a basalt altar of Yredelemnul.
 48963 | Vaults:2 | Noticed a dread lich
 48968 | Vaults:2 | Killed a dread lich
 49234 | Vaults:2 | Killed Aizul
 49342 | Vaults:2 | Found Sunown's Jewellery Shoppe.
 49349 | Vaults:2 | Bought the ring "Rudwoun" {rElec rF+++ rC+ Str-2 Int+6} for
                  | 1931 gold pieces
 50165 | Vaults:3 | Identified the +6 great sword "Cif Goc" {pain, *Noise rPois
                  | rN+ Stlth+}
 50354 | Vaults:3 | You fall into a shaft and drop 1 floor!
 50392 | Vaults:4 | Reached skill level 15 in Fighting
 50392 | Vaults:4 | Reached skill level 15 in Short Blades
 50392 | Vaults:4 | Reached skill level 15 in Long Blades
 50392 | Vaults:4 | Reached skill level 15 in Axes
 50392 | Vaults:4 | Reached skill level 15 in Polearms
 50392 | Vaults:4 | Reached skill level 15 in Staves
 50392 | Vaults:4 | Reached skill level 15 in Ranged Weapons
 50392 | Vaults:4 | Reached skill level 15 in Throwing
 50392 | Vaults:4 | Reached skill level 15 in Armour
 50392 | Vaults:4 | Reached skill level 15 in Shields
 50392 | Vaults:4 | Reached skill level 15 in Unarmed Combat
 50392 | Vaults:4 | Reached skill level 15 in Evocations
 50475 | Vaults:4 | Reached XP level 22. HP: 151/175 MP: 41/41
 51245 | Vaults:4 | Found Mist's Assorted Antiques.
 51279 | Vaults:4 | Bought a potion of heal wounds for 115 gold pieces
 52306 | Crypt:1  | Entered Level 1 of the Crypt
 53379 | Crypt:2  | Found a runed translucent gate.
 53379 | Crypt:2  | Found a runed translucent gate.
 53379 | Crypt:2  | Found a runed translucent gate.
 53380 | Crypt:2  | Noticed Rakupo Megg's ghost (veteran GrEE)
 53990 | Crypt:2  | Reached XP level 23. HP: 145/183 MP: 33/43
 54018 | Crypt:2  | Killed Rakupo Megg's ghost
 54019 | Crypt:2  | Reached skill level 15 in Necromancy
 54078 | Crypt:2  | Identified the +1 pair of boots of the Kettle-Drum {Rampage
                  | rElec rC+}
 54112 | Crypt:3  | Entered Level 3 of the Crypt
 54181 | Crypt:3  | Noticed Jory
 54211 | Crypt:3  | Killed Jory
 54392 | Crypt:3  | Found a staircase to the Tomb.
 54638 | Crypt:3  | Acquired 720 gold pieces
 55028 | Crypt:3  | Found an ancient bone altar of Kikubaaqudgha.
 55344 | Crypt:3  | Noticed a dread lich
 55354 | Crypt:3  | Killed a dread lich
 55391 | Crypt:3  | Found the +5 scythe "Finisher" {speed, execute}
 55457 | Crypt:3  | Noticed Bai Suzhen
 55479 | Crypt:3  | Killed Bai Suzhen
 56099 | Depths:1 | Entered Level 1 of the Depths
 56159 | Depths:1 | Reached skill level 15 in Shapeshifting
 56280 | Depths:1 | Found a runed translucent gate.
 56343 | Depths:1 | Reached XP level 24. HP: 192/192 MP: 44/44
 56435 | Depths:1 | Found the ring of the Tortoise {AC+8}
 56709 | Depths:1 | Found a runed translucent gate.
 56710 | Depths:1 | Found a runed translucent gate.
 56713 | Depths:1 | Noticed Camaan's ghost (adept DgCj)
 56713 | Depths:1 | Noticed a dread lich
 56713 | Depths:1 | Noticed a dread lich
 56788 | Depths:1 | Found a gateway to Hell.
 57322 | Snake:1  | Killed Jorgrun
 57501 | Snake:3  | Identified the scarf of Elyvilon's Esteem {rC+ rF+, Str+2
                  | Slay+2}
 57507 | Snake:3  | Identified the ring "Citsyawu" {*Corrode rC+ rN++ Str-4
                  | SInv}
 57791 | Shoals:3 | Acquired 512 gold pieces
 58166 | Depths:2 | Found a runed translucent gate.
 58167 | Depths:2 | Found a runed translucent gate.
 58168 | Depths:2 | Found a runed translucent gate.
 58646 | Depths:2 | Found a viscous altar of Jiyva.
 58646 | Depths:2 | Noticed freelancePsychic's ghost (adept DrMo)
 58847 | Depths:2 | Found a corrupted altar of Lugonu.
 58847 | Depths:2 | Found a one-way gate to the infinite horrors of the Abyss.
 58915 | Depths:2 | Noticed a juggernaut
 58930 | Depths:2 | Killed a juggernaut
 59510 | Depths:2 | Killed freelancePsychic's ghost
 59613 | Depths:2 | Identified the ring "Jisybrat" {rPois rF- rCorr Int+7 SInv}
 59680 | Depths:3 | Found a one-way gateway to a ziggurat.
 59975 | Depths:3 | Found a runed translucent door.
 60012 | Depths:3 | Noticed Xtahua
 60020 | Depths:3 | Killed Xtahua
 60406 | Depths:3 | Found a runed translucent door.
 60407 | Depths:3 | Found a runed translucent door.
 60475 | Depths:3 | Identified the staff of the Dove {rElec rPois rCorr Air}
 60480 | Depths:3 | Identified the +2 pair of boots of Dim Light {Dex+4}
 60619 | Depths:3 | Reached XP level 25. HP: 198/199 MP: 44/44
 60846 | Depths:4 | Entered Level 4 of the Depths
 60959 | Depths:4 | Noticed Jikhlit's ghost (adept TrMo)
 60959 | Depths:4 | Identified the +0 orcbow of the Postmodern Allies {drain,
                  | Int+2 Dex+3}
 61015 | Depths:4 | Found a runed translucent gate.
 61015 | Depths:4 | Found a runed translucent gate.
 61015 | Depths:4 | Found a runed translucent gate.
 61539 | Depths:4 | Found a gate to the Realm of Zot.
 61664 | Depths:4 | Found Kiumuokk's Jewellery Shop.
 61664 | Depths:4 | Found Sofuahee's Book Shoppe.
 61666 | Depths:4 | Found Puhul's Jewellery Shop.
 61781 | Depths:4 | Found Purirghuil's Assorted Antiques.
 61784 | Depths:4 | Bought a pair of blackened boots for 389 gold pieces
 61784 | Depths:4 | Identified the +0 pair of boots of the Eternal Void {Dex+3}
                  | (You bought it in a shop on level 4 of the Depths)
 61787 | Depths:4 | Bought a scroll of blinking for 307 gold pieces
 61935 | Depths:4 | Paralysed by something for 3 turns
 62101 | Depths:4 | Killed Jikhlit's ghost
 62165 | Depths:4 | Identified the ring "Bumajur" {Ice Drain rElec rN+++ rCorr}
 62564 | Vaults:5 | Entered Level 5 of the Vaults
 62885 | Vaults:5 | Learned a level 7 spell: Haunt
 63023 | Vaults:5 | Identified the +0 plate armour of the Unicorn {+Blink rElec
                  | Str+2}
 63058 | Vaults:5 | Identified the +1 robe of the Gusle {Harm rC+ Str+5}
 63241 | Vaults:5 | Identified the +9 orcbow of Articulation {drain, Fragile
                  | Int+4}
 63404 | Vaults:5 | Got a silver rune of Zot
 63419 | Vaults:5 | Identified the +2 robe "Eduyrr" {rF+ rN+ Dex-3}
 63501 | Vaults:5 | Reached skill level 15 in Conjurations
 63501 | Vaults:5 | Reached skill level 15 in Summonings
 63501 | Vaults:5 | Reached skill level 15 in Translocations
 63501 | Vaults:5 | Reached skill level 15 in Transmutations
 63501 | Vaults:5 | Reached skill level 15 in Fire Magic
 63501 | Vaults:5 | Reached skill level 15 in Ice Magic
 63501 | Vaults:5 | Reached skill level 15 in Air Magic
 63501 | Vaults:5 | Reached skill level 15 in Earth Magic
 63501 | Vaults:5 | Reached skill level 15 in Poison Magic
 63747 | Vaults:5 | Reached XP level 26. HP: 193/196 MP: 45/45
 63895 | Vaults:5 | Noticed an ancient lich
 63901 | Vaults:5 | Killed an ancient lich
 64014 | Vaults:5 | Noticed an ancient lich
 64055 | Vaults:5 | Identified the ring of Oda Nute {rPois Will+ Int-3 Dex+3}
 64707 | Vaults:5 | Killed an ancient lich
 64755 | Vaults:5 | Identified the +0 plate armour of Hopscotch {Regen+ Dex+4}
 65048 | Vaults:4 | Bought a scroll of teleportation for 69 gold pieces
 65048 | Vaults:4 | Bought a scroll of teleportation for 69 gold pieces
 65048 | Vaults:4 | Bought a scroll of blinking for 172 gold pieces
 65354 | Orc:2    | Bought a scroll of teleportation for 30 gold pieces
 65354 | Orc:2    | Bought a scroll of teleportation for 30 gold pieces
 65354 | Orc:2    | Bought a scroll of fear for 40 gold pieces
 65354 | Orc:2    | Bought a scroll of teleportation for 30 gold pieces
 65354 | Orc:2    | Bought a scroll of blinking for 75 gold pieces
 65716 | Zot:1    | Entered Level 1 of the Realm of Zot
 66158 | Zot:4    | Noticed a Killer Klown
 66214 | Zot:4    | Noticed a Killer Klown
 66231 | Zot:4    | Killed a Killer Klown
 66550 | Zot:4    | Noticed a Killer Klown
 66680 | Zot:4    | Killed a Killer Klown
 66745 | Zot:4    | Noticed an ancient lich
 66764 | Zot:4    | Killed an ancient lich
 66791 | Zot:5    | Entered Level 5 of the Realm of Zot
 66803 | Zot:5    | Found a transporter.
 66878 | Zot:5    | Found a transporter.
 67193 | Zot:5    | Noticed an orb of fire
 67624 | Zot:5    | Noticed an ancient lich
 67629 | Zot:5    | Killed an ancient lich
 67630 | Zot:5    | Reached XP level 27. HP: 219/219 MP: 36/45
 68067 | Zot:5    | Noticed an orb of fire
 68092 | Zot:5    | Killed an orb of fire
 68134 | Zot:5    | Noticed an ancient lich
 68153 | Zot:5    | Killed an ancient lich
 68281 | Zot:5    | Noticed an orb of fire
 68300 | Zot:5    | Killed an orb of fire
 68501 | Zot:5    | Got the Orb of Zot
 68855 | D:12     | Noticed Etwoseun the pandemonium lord
 69140 | D:$      | Escaped with the Orb!

Illustrated notes

Levels and vault maps discovered:
D:1:      dpeg_arrival_morbid_curiosity, layout_rooms, serial_rivers,
          chequers_serial_rivers_large_b, chequers_serial_rivers_large_a,
          chequers_serial_rivers_micro_d, chequers_serial_rivers_small_b,
          chequers_serial_rivers_room_b
D:2:      layout_rooms
D:3:      layout_basic, mainiacjoe_overflow_brackets,
          mainiacjoe_overflow_six_doors_small, nzn_wu_jian_council_hall
D:4:      layout_cave_pools, lemuel_zombie_altar_yredelemnul, serial_shops,
          nicolae_shop_back_alley_shop, nicolae_square_shop,
          nicolae_shop_bloodbath_and_beyond, nicolae_shop_statue_plus,
          uniq_pikel, uniq_eustachio, uniq_natasha, uniq_duvessa
D:5:      layout_gridville, kennysheep_mini
D:6:      layout_basic, grunt_temple_overflow_growth_and_decay,
          marbit_many_paths
D:7:      layout_loops_ring, mainiacjoe_overflow_alcove_1,
          minmay_temple_entry_wispy, enter_bailey_3, nicolae_the_louvre
D:8:      nzn_winding_woodlands_stair_cross
          [nzn_winding_woodlands_5x15_split_checker,
          nzn_winding_woodlands_center_diamonds,
          nzn_winding_woodlands_5x15_parted, nzn_winding_woodlands_hourglass,
          nzn_winding_woodlands_5x5_three,
          nzn_winding_woodlands_5x15_river_crossing,
          nzn_winding_woodlands_center_lodge,
          nzn_winding_woodlands_5x15_sidewinder], layout_basic, serial_shops,
          nicolae_stop_n_shop_1, st_stairs_10, minmay_manual_mares
D:9:      wad_woods_pond, layout_basic, minivault_14, nzn_life_drinkers,
          uniq_psyche, uniq_harold
D:10:     layout_basic, lemuel_crystal_altar, dpeg_lair_monsters,
          nicolae_houndstooth_variations
D:11:     layout_basic, erik_orc_1, uniq_snorg, uniq_grum, uniq_urug
D:12:     layout_gridville, serial_shops, nicolae_shop_real_fake_doors,
          tso_oasis_becter
D:13:     kennysheep_scales, layout_loops_ring, david_vaults_4
D:14:     layout_basic, minmay_misc_feat_encased, uniq_josephine
D:15:     gammafunk_depths_entry_grave, layout_grid_maze,
          evilmike_ruin_ashenzari, enter_trove_1, grunt_ministairs_1
Temple:   hc_temple_tempest_star
Lair:1:   hellmonk_destroyed_diamonds, layout_loops_ring
Lair:2:   layout_chaotic_city, elwin_shoals_entry_stream,
          minmay_snake_entry_guardpost_large, portal_ice_cave_entry_pillars_2
Lair:3:   layout_roguey, chequers_serial_rivers_small_a, minmay_lindwurm_lava,
          grunt_megastairs_4
Lair:4:   layout_gridlike, grunt_megastairs_3
Lair:5:   evilmike_catoblepas_cave, layout_hall_layers,
          nicolae_slime_entry_field_trip, chequers_serial_rivers_micro_d,
          st_stairs_7, dreamdust_gnoll_shepherd, grunt_megastairs_5
Shoals:1: layout_shoals, nicolae_shoals_land_atoll, uniq_mlioglotl
Shoals:2: layout_shoals, ebering_ghost_davey_jones, nicolae_shoals_hunting_party
Shoals:3: nicolae_shoals_offshore_bank_account, layout_shoals,
          nicolae_shoals_secluded_bog
Shoals:4: shoals_end_hellmonk_storm_palace [storm_palace_center_ruins,
          storm_palace_corner_narrow, storm_palace_corner_grid,
          storm_palace_corner_grid, storm_palace_corner_blocked]
Snake:1:  cheibrodos_toxic_ritual, layout_chambers, uniq_jorgrun
Snake:2:  layout_cave_town, basic_altar, drop_trap
Snake:3:  gammafunk_sealed_arena, layout_honeycomb, uniq_nikola, uniq_louise
Snake:4:  grunt_snake_rune_serpentine_throne, layout_misc_corridors,
          gammafunk_ghost_grave, basic_altar
Orc:1:    layout_caves, serial_shops, shop, shop, shop, shop_coins, shop
Orc:2:    pf_orc_diabolical, layout_caves, nicolae_volcano_entry_lava_flow,
          basic_altar, guppyfry_library_mini
Elf:1:    layout_geoelf_grid, portal_desolation_entry_garden, serial_shops,
          nicolae_shop_mannequins, hangedman_elven_crosses_minicolossus,
          nicolae_shop_gadgets
Elf:2:    elven_hall_of_blades_hangedman_original [grunt_blade_entry_basic],
          layout_onion_city
Elf:3:    minmay_elf_hall_x, layout_geoelf_octagon
Vaults:1: gammafunk_ghost_cemetery, nicolae_vaults_back_hallway, v_misc_19,
          v_pattern_5, nicolae_vaults_tangram_1, hangedman_vaults_snaps,
          nicolae_vaults_wine_cellar, layout_vaults_quadrants, serial_shops,
          shop_statue, uniq_asterion
Vaults:2: nicolae_vaults_trapezoid_lopsided_1, minmay_crypt_entry_necro_gods,
          vaults_room_hangedman_quadrants, nicolae_vaults_little_squares_3,
          v_misc_30, ontoclasm_vaults_misaligned, nicolae_vaults_tetromino_T_2,
          nicolae_vaults_double_plus_1, layout_vaults_chaotic_city,
          serial_shops, shop, uniq_aizul
Vaults:3: vaults_standard_mumra_lines, st_cells, v_misc_25, v_rooms_5,
          vaults_room_hallway, ontoclasm_vaults_chip,
          nicolae_vaults_hallways_thing, nicolae_vaults_sightless_eye,
          ontoclasm_vaults_decontamination, nicolae_vaults_ninety_degrees,
          nicolae_vaults_closet_pinwheel_3, layout_vaults_omnibox
Vaults:4: vaults_standard_mumra_enter_the_diamond,
          nicolae_vaults_layer_cake_slice, hangedman_vaults_stretched_pinwheel,
          nicolae_vaults_stairing_the_circle, vaults_mumra_lcd,
          vaults_room_grid, nicolae_vaults_quartermaster,
          nicolae_vaults_little_squares_1, vaults_room_mumra_shop_pool,
          nicolae_vaults_diamond_2, layout_vaults_ring
Vaults:5: serial_shops
Crypt:1:  layout_rooms, grunt_crypt_arrival_guarded_gate
Crypt:2:  layout_basic, gammafunk_ghost_spectres, roderic_lattice_octagonal_star
Crypt:3:  church_of_pain_bobbens, layout_chaotic_city,
          tomb_entry_simple_bobbens, uniq_jory, uniq_bai_suzhen
Depths:1: layout_cave_pools, gammafunk_ghost_necromancy, hellmouth_1,
          minmay_misc_feat_plants, rand_demon_pan_entry_1,
          minmay_guarded_unrand_tortoise, serial_bayou_shore_b
Depths:2: minmay_expanding_squares, layout_cross, abyss_entry_flame_altar,
          minmay_misc_feat_ornament, gammafunk_ghost_ooze,
          pf_dread_powers_of_hell, rand_demon_pan_entry_9,
          amcnicky_mini_pool_small, infiniplex_staircase_zigzag_4,
          serial_bayou_shore_b
Depths:3: minmay_the_grid_triangle_9x9_rhombus_full_mashed
          [minmay_the_grid_triangle_9x9_longest,
          minmay_the_grid_triangle_9x9_checkered,
          minmay_the_grid_triangle_9x9_wacky_v,
          minmay_the_grid_triangle_9x9_zippers_vertical,
          minmay_the_grid_triangle_9x9_fully_insulated_deathbox,
          minmay_the_grid_triangle_9x9_corrupted_corridor,
          minmay_the_grid_triangle_9x9_warning,
          minmay_the_grid_triangle_9x9_prize_center], layout_honeycomb,
          enter_ziggurat_f, abyss_entry_crystal, hell_entry,
          nrook_pool_corridor, uniq_xtahua
Depths:4: grunt_zot_entry_gee_three, layout_gridlike, hell_entry,
          hangedman_decor_riveting, gammafunk_ghost_split, serial_shops,
          nicolae_shop_behind_doors, minmay_shop_grove, serial_bayou_shore_a
Zot:1:    kennysheep_six_static_rooms, layout_gridlike, basic_altar
Zot:2:    layout_basic, ebering_ghost_reflecting_pool
Zot:3:    kennysheep_spiral_hall, layout_misc_corridors
Zot:4:    ebering_klown_carousel, layout_basic
Zot:5:    layout_gridlike, nicolae_diode_intersection

Skill      XL: |  1  2  3  4  5  6  7  8  9 10 11 12 13 14 15 16 17 18 19 20 21 22 23 24 25 26 27 |
---------------+----------------------------------------------------------------------------------+-----
Spellcasting   | 5 6 7 8 9 10 11 12 13 14 15 16 17 18 19 | 19.2
Invocations    | 1 2 3 4 5 6 7 8 9 10 11 12 13 14 15 16 17 18 19 20 | 20.1
Fighting       | 1 2 3 4 5 6 8 9 10 11 12 13 14 15 16 17 18 | 18.6
Short Blades   | 1 2 3 4 5 6 8 9 10 11 12 13 14 15 16 17 18 | 18.6
Long Blades    | 1 2 3 4 5 6 8 9 10 11 12 13 14 15 16 17 18 | 18.6
Axes           | 1 2 3 4 5 6 8 9 10 11 12 13 14 15 16 17 18 | 18.6
Maces & Flails | 1 2 3 4 5 6 8 9 10 11 12 13 14 15 16 18 19 20 21 | 21.8
Polearms       | 1 2 3 4 5 6 8 9 10 11 12 13 14 15 16 17 18 | 18.6
Staves         | 1 2 3 4 5 6 8 9 10 11 12 13 14 15 16 17 18 | 18.6
Ranged Weapons | 1 2 3 4 5 6 8 9 10 11 12 13 14 15 16 17 18 | 18.6
Throwing       | 1 2 3 4 5 6 8 9 10 11 12 13 14 15 16 17 18 | 18.6
Armour         | 1 2 3 4 5 6 8 9 10 11 12 13 14 15 16 17 18 | 18.6
Shields        | 1 2 3 4 5 6 8 9 10 11 12 13 14 15 16 17 18 | 18.6
Unarmed Combat | 1 2 3 4 5 6 8 9 10 11 12 13 14 15 16 17 18 | 18.6
Evocations     | 1 2 3 4 5 6 8 9 10 11 12 13 14 15 16 17 18 | 18.6
Shapeshifting  | 1 2 3 4 5 6 7 8 9 10 11 12 13 14 15 16 17 | 17.2
Conjurations   | 1 2 3 4 5 6 7 8 9 10 11 12 13 14 15 | 15.8
Hexes          | 1 2 3 4 5 6 8 9 10 11 12 13 14 15 16 17 18 19 20 21 | 21.2
Summonings     | 1 2 3 4 5 6 7 8 9 10 11 12 13 14 15 | 15.8
Translocations | 1 2 3 4 5 6 7 8 9 10 11 12 13 14 15 | 15.8
Transmutations | 1 2 3 4 5 6 7 8 9 10 11 12 13 14 15 | 15.8
Fire Magic     | 1 2 3 4 5 6 7 8 9 10 11 12 13 14 15 | 15.8
Ice Magic      | 1 2 3 4 5 6 7 8 9 10 11 12 13 14 15 | 15.8
Air Magic      | 1 2 3 4 5 6 7 8 9 10 11 12 13 14 15 | 15.8
Earth Magic    | 1 2 3 4 5 6 7 8 9 10 11 12 13 14 15 | 15.8
Poison Magic   | 1 2 3 4 5 6 7 8 9 10 11 12 13 14 15 | 15.8
Dodging        | 5 6 7 8 9 10 11 12 13 14 15 16 17 18 19 | 19.1
Stealth        | 5 6 7 8 9 10 11 12 13 14 15 16 17 18 19 | 19.0
Necromancy     | 8 9 10 11 12 13 14 15 16 17 | 17.2

Action                     |  1- 3 |  4- 6 |  7- 9 | 10-12 | 13-15 | 16-18 | 19-21 | 22-24 | 25-27 || total
---------------------------+-------+-------+-------+-------+-------+-------+-------+-------+-------++-------
  Melee: Spear             |     1 |       |       |       |       |       |       |       |       ||     1
         Short sword       |       |     6 |    89 |   661 |   600 |       |       |       |       ||  1356
         Bite              |       |       |    11 |   121 |   338 |   377 |   556 |   521 |   553 ||  2477
         Staff             |       |       |     3 |       |       |       |       |     1 |       ||     4
         Quick blade       |       |       |       |    87 |  1220 |  2044 |  2563 |  2016 |  2241 || 10171
  Throw: Dart              |       |       |     1 |     2 |     1 |     4 |     1 |       |       ||     9
   Cast: Necrotise         |    71 |    95 |   103 |    38 |     4 |       |       |       |       ||   311
         Call Imp          |       |     9 |    15 |    43 |    14 |    15 |       |       |       ||    96
         Mephitic Cloud    |       |       |    11 |    45 |    66 |    23 |    17 |     6 |     1 ||   169
         Vampiric Draining |       |       |     2 |     4 |     1 |       |       |       |     1 ||     8
         Call Canine Famil |       |       |     1 |    23 |    11 |       |       |       |       ||    35
         Blink             |       |       |       |     7 |     3 |     4 |     2 |       |       ||    16
         Dispel Undead     |       |       |       |    25 |     3 |    84 |    28 |   328 |    55 ||   523
         Borgnjor's Vile C |       |       |       |       |     2 |     3 |     4 |     8 |     9 ||    26
         Death Channel     |       |       |       |       |       |       |     4 |     2 |     5 ||    11
         Silence           |       |       |       |       |       |       |     5 |     4 |       ||     9
         Summon Mana Viper |       |       |       |       |       |       |     2 |     2 |     3 ||     7
         Haunt             |       |       |       |       |       |       |       |       |     9 ||     9
 Invoke: Brand Weapon With |       |       |       |       |     1 |       |       |       |       ||     1
         Unearth Wretches  |       |       |       |       |       |       |     4 |       |       ||     4
  Evoke: Wand              |       |       |       |    11 |     2 |     1 |     6 |     5 |     9 ||    34
    Use: Scroll            |       |     4 |     7 |    19 |     6 |     7 |     8 |     5 |    18 ||    74
         Potion            |       |       |       |     3 |       |     2 |     1 |     4 |    14 ||    24
   Stab: Confused          |       |       |     3 |    43 |    76 |    28 |    24 |    12 |     1 ||   187
         Distracted        |       |       |     1 |     7 |    11 |     2 |    12 |     9 |    18 ||    60
         Sleeping          |       |       |     1 |    13 |    22 |    35 |    55 |    40 |    15 ||   181
         Invisible         |       |       |       |     8 |       |       |       |       |       ||     8
         Betrayed ally     |       |       |       |       |       |       |     1 |       |       ||     1
 Armour: Robe              |     1 |    15 |    49 |   220 |       |       |       |       |       ||   285
         Ring mail         |       |       |       |    94 |   513 |       |       |       |       ||   607
         Scale mail        |       |       |       |       |     7 |   541 |   447 |   443 |   412 ||  1850
  Dodge: Dodged            |     1 |    42 |    64 |   337 |   555 |   488 |   459 |   527 |   444 ||  2917
  Block: Buckler           |       |     3 |    29 |   130 |   315 |    10 |       |       |       ||   487
         Kite shield       |       |       |       |       |       |   678 |   757 |   813 |   624 ||  2872

Table legend: (Time is in decaauts)
 A = Elapsed time spent in this place.
 B = Non-inter-level travel time spent in this place.
 C = Inter-level travel time spent in this place.
 D = Time resting spent in this place.
 E = Time spent auto-exploring this place.
 F = Levels seen in this place.
 G = Mean time per level.
                   A        B        C        D        E       F      G
               +--------+--------+--------+--------+--------+-----+--------+
         Total |  66705 |  60461 |   6244 |  11156 |  29397 |  55 | 1212.8 |
       Dungeon |  20528 |  17473 |   3055 |   3039 |  10109 |  15 | 1368.5 |
        Temple |      1 |      1 |      0 |      0 |      0 |   1 |    1.0 |
          Lair |   6609 |   5844 |    765 |    361 |   3672 |   5 | 1321.8 |
        Shoals |   4983 |   4569 |    414 |    619 |   2251 |   4 | 1245.8 |
     Snake Pit |   5895 |   5470 |    425 |   1107 |   2794 |   4 | 1473.8 |
  Orcish Mines |   2420 |   2214 |    206 |    442 |    926 |   2 | 1210.0 |
   Elven Halls |   4522 |   4366 |    156 |   1822 |   1351 |   3 | 1507.3 |
        Vaults |   7402 |   6726 |    676 |    451 |   4026 |   5 | 1480.4 |
         Crypt |   3442 |   3336 |    106 |    372 |   1687 |   3 | 1147.3 |
        Depths |   4934 |   4567 |    367 |    695 |   2402 |   4 | 1233.5 |
           Zot |   2689 |   2620 |     69 |   1155 |      2 |   5 |  537.8 |
        Bailey |    594 |    594 |      0 |    284 |      5 |   1 |  594.0 |
      Ice Cave |   1173 |   1173 |      0 |    685 |      0 |   1 | 1173.0 |
       Volcano |    292 |    292 |      0 |      5 |     68 |   1 |  292.0 |
    Desolation |   1214 |   1214 |      0 |    116 |    102 |   1 | 1214.0 |
               +--------+--------+--------+--------+--------+-----+--------+

Top non-repeatable levels by time:
   Elf:3: 2945 daAuts
    D:15: 2316 daAuts
Vaults:5: 2137 daAuts
 Snake:4: 2023 daAuts
    D:10: 1911 daAuts
   Orc:2: 1885 daAuts
     D:5: 1744 daAuts
Vaults:1: 1681 daAuts
 Snake:1: 1673 daAuts
     D:9: 1632 daAuts
Depths:2: 1621 daAuts
 Crypt:3: 1616 daAuts
  Lair:5: 1586 daAuts
   Zot:5: 1561 daAuts
     D:3: 1548 daAuts
